BSA
NEW YORK KNIGHTS @ IRVINE GANG GREEN
09/20/2028
 
TOP OF THE 1ST
New York Knights batting - Pitching for Irvine Gang Green : RHP Mike Marrero
Pitching: RHP Mike Marrero
Batting: LHB Dan Hamilton 0-0: Swinging Strike
0-1: Ball
1-1: Called Strike
1-2: Foul Ball, location: 2F
1-2: Ground out 4-3 (Groundball, 4)
Batting: RHB Pepe Carrasco 0-0: Ball
1-0: Swinging Strike
1-1: Swinging Strike
1-2: Strikes out swinging
Batting: LHB Arthur Hall 0-0: Called Strike
0-1: Ball
1-1: Fly out, F7 (Flyball, 7S)
Top of the 1st over - 0 run(s), 0 hit(s), 0 error(s), 0 left on base; New York 0 - Irvine 0
BOTTOM OF THE 1ST
Irvine Gang Green batting - Pitching for New York Knights : RHP Sancho Mendoza
Pitching: RHP Sancho Mendoza
Batting: LHB José Sánchez 0-0: Called Strike
0-1: Ball
1-1: Ball
2-1: DOUBLE (Flyball, 7LM)
Batting: LHB Tom Baker 0-0: Swinging Strike
0-1: Ball
1-1: Foul Ball, location: 2F
1-2: Foul Ball, location: 2F
1-2: Ball
2-2: SINGLE (Groundball, 13) (infield hit)
José Sánchez to third
Batting: LHB Víctor Quiñones 0-0: Called Strike
0-1: Ball
1-1: Ball
2-1: Foul Ball, location: 2F
2-2: Foul Ball, location: 2F
2-2: Ball
3-2: Foul Ball, location: 2F
3-2: SINGLE (Flyball, 6MD)
José Sánchez scores
Tom Baker to second
Batting: RHB Buck Jones 0-0: Foul Ball, location: 2F
0-1: Ball
1-1: Ground out 5-3 (Groundball, 5S)
Tom Baker to third
Víctor Quiñones to second
Batting: LHB Frank Geddes 0-0: Ground out 5-3 (Groundball, 56S)
Tom Baker scores
Víctor Quiñones to third
Batting: RHB José Salazar 0-0: Ball
1-0: Foul Ball, location: 2F
1-1: Ball
2-1: Foul Ball, location: 2F
2-2: Ball
3-2: Base on Balls
Batting: RHB Raúl Salas 0-0: Ball
1-0: Fly out, F7 (Line Drive, 7)
Bottom of the 1st over - 2 run(s), 3 hit(s), 0 error(s), 2 left on base; New York 0 - Irvine 2
TOP OF THE 2ND
New York Knights batting - Pitching for Irvine Gang Green : RHP Mike Marrero
Batting: RHB Vic Langlois 0-0: Swinging Strike
0-1: Swinging Strike
0-2: Strikes out swinging
Batting: RHB Lonnie Anderson 0-0: Ball
1-0: Swinging Strike
1-1: Ball
2-1: Swinging Strike
2-2: Fly out, F9 (Flyball, 89M)
Batting: SHB Marvin Harris 0-0: Called Strike
0-1: Hit by Pitch
Batting: RHB Xavier Feliciano 0-0: Foul Ball, location: 2F
0-1: SINGLE (Line Drive, 78S)
Marvin Harris to second
Batting: LHB Mike Harris 0-0: Called Strike
0-1: Called Strike
0-2: Ball
1-2: Ball
2-2: Ball
3-2: Foul Ball, location: 2F
3-2: Ground out 3-1 (Groundball, 3S)
Top of the 2nd over - 0 run(s), 1 hit(s), 0 error(s), 2 left on base; New York 0 - Irvine 2
BOTTOM OF THE 2ND
Irvine Gang Green batting - Pitching for New York Knights : RHP Sancho Mendoza
Batting: RHB Eichiro Yamamoto 0-0: Ball
1-0: Bunt for hit - play at first, batter OUT! 1-3
Batting: RHB Don Hooper 0-0: Ball
1-0: Ball
2-0: Called Strike
2-1: Foul Ball, location: 2F
2-2: SINGLE (Groundball, 34D)
Batting: LHB José Sánchez 0-0: Ball
Wild Pitch!
Don Hooper to second
1-0: Called Strike
Don Hooper steals 3rd base
1-1: Foul Ball, location: 2F
1-2: Ground out 4-3 (Groundball, 4)
Don Hooper scores
Batting: LHB Tom Baker 0-0: SOLO HOME RUN (Flyball, 8RXD), Distance : 449 ft
Batting: LHB Víctor Quiñones 0-0: Called Strike
0-1: Swinging Strike
0-2: Ball
1-2: Ball
2-2: Ground out U3 (Groundball, 34)
Bottom of the 2nd over - 2 run(s), 2 hit(s), 0 error(s), 0 left on base; New York 0 - Irvine 4
TOP OF THE 3RD
New York Knights batting - Pitching for Irvine Gang Green : RHP Mike Marrero
Batting: RHB Jacob Pope 0-0: Ball
1-0: Foul Ball, location: 2F
1-1: Foul Ball, location: 2F
1-2: Foul Ball, location: 2F
1-2: Ball
2-2: Strikes out swinging
Batting: LHB Dan Hamilton 0-0: Called Strike
0-1: SINGLE (Line Drive, 8RS)
Batting: RHB Pepe Carrasco 0-0: Ball
Dan Hamilton steals 2nd base
1-0: Ball
2-0: Fly out, F2 (Popup, 25)
Batting: LHB Arthur Hall 0-0: Ball
1-0: Fly out, F7 (Flyball, 7S)
Top of the 3rd over - 0 run(s), 1 hit(s), 0 error(s), 1 left on base; New York 0 - Irvine 4
BOTTOM OF THE 3RD
Irvine Gang Green batting - Pitching for New York Knights : RHP Sancho Mendoza
Batting: RHB Buck Jones 0-0: Fly out, F8 (Flyball, 8LM)
Batting: LHB Frank Geddes 0-0: Ground out 6-3 (Groundball, 6)
Batting: RHB José Salazar 0-0: Ball
1-0: Ground out 3-1 (Groundball, 23)
Bottom of the 3rd over - 0 run(s), 0 hit(s), 0 error(s), 0 left on base; New York 0 - Irvine 4
TOP OF THE 4TH
New York Knights batting - Pitching for Irvine Gang Green : RHP Mike Marrero
Batting: RHB Vic Langlois 0-0: Foul Ball, location: 2F
0-1: Foul Ball, location: 2F
0-2: Ball
1-2: Strikes out swinging
Batting: RHB Lonnie Anderson 0-0: Ball
1-0: Swinging Strike
1-1: Ball
2-1: Foul Ball, location: 2F
2-2: Fly out, F7 (Line Drive, 7)
Batting: SHB Marvin Harris 0-0: Foul Ball, location: 2F
0-1: Hit by Pitch
Batting: RHB Xavier Feliciano 0-0: Ball
1-0: Swinging Strike
1-1: Foul Ball, location: 2F
1-2: Strikes out swinging
Top of the 4th over - 0 run(s), 0 hit(s), 0 error(s), 1 left on base; New York 0 - Irvine 4
BOTTOM OF THE 4TH
Irvine Gang Green batting - Pitching for New York Knights : RHP Sancho Mendoza
Batting: RHB Raúl Salas 0-0: DOUBLE (Line Drive, 7D)
Batting: RHB Eichiro Yamamoto 0-0: Called Strike
0-1: Ball
1-1: Fly out, F9 (Flyball, 9LS)
Batting: RHB Don Hooper 0-0: Foul Ball, location: 2F
0-1: Ground out 5-3 (Groundball, 56)
Batting: LHB José Sánchez 0-0: Ball
1-0: Ball
2-0: Foul Ball, location: 2F
2-1: SINGLE (Line Drive, 4D)
Raúl Salas to third
Runner from 3rd tries for Home, SAFE, no throw
Batting: LHB Tom Baker 0-0: Ball
1-0: Ball
2-0: Called Strike
2-1: Foul Ball, location: 2F
2-2: Fielders Choice at 2nd, 4-6 (Groundball, 4)
Bottom of the 4th over - 1 run(s), 2 hit(s), 0 error(s), 0 left on base; New York 0 - Irvine 5
TOP OF THE 5TH
New York Knights batting - Pitching for Irvine Gang Green : RHP Mike Marrero
Batting: LHB Mike Harris 0-0: Called Strike
0-1: Ball
1-1: Foul Ball, location: 2F
1-2: Ball
2-2: Ball
3-2: Ground out 4-3 (Groundball, 4)
Batting: RHB Jacob Pope 0-0: Ball
1-0: Ball
2-0: SINGLE (Groundball, 56S) (infield hit)
Batting: LHB Dan Hamilton 0-0: Ball
1-0: Fly out, F8 (Flyball, 8RD)
Batting: RHB Pepe Carrasco 0-0: Called Strike
0-1: Foul Ball, location: 2F
0-2: Foul Ball, location: 2F
0-2: Ball
1-2: Strikes out looking
Top of the 5th over - 0 run(s), 1 hit(s), 0 error(s), 1 left on base; New York 0 - Irvine 5
BOTTOM OF THE 5TH
Irvine Gang Green batting - Pitching for New York Knights : RHP Sancho Mendoza
Pitching: LHP Steven England
Batting: LHB Víctor Quiñones 0-0: Foul Ball, location: 2F
0-1: Swinging Strike
0-2: Fly out, F9 (Flyball, 9S)
Batting: RHB Buck Jones 0-0: Ball
1-0: SINGLE (Line Drive, 7S)
Batting: LHB Frank Geddes 0-0: Swinging Strike
0-1: Ball
1-1: Foul Ball, location: 2F
1-2: DOUBLE (Flyball, 8RXD)
Buck Jones to third
Batting: RHB José Salazar 0-0: Called Strike
0-1: Ball
1-1: Foul Ball, location: 2F
1-2: Ball
2-2: Ball
3-2: Base on Balls
Batting: RHB Raúl Salas 0-0: Swinging Strike
0-1: Swinging Strike
0-2: Grounds into double play, 5-4-3 (Groundball, 56)
Bottom of the 5th over - 0 run(s), 2 hit(s), 0 error(s), 2 left on base; New York 0 - Irvine 5
TOP OF THE 6TH
New York Knights batting - Pitching for Irvine Gang Green : RHP Mike Marrero
Batting: LHB Arthur Hall 0-0: SINGLE (Groundball, 34D)
Batting: RHB Vic Langlois 0-0: Ball
1-0: Called Strike
1-1: Called Strike
1-2: Ball
2-2: Fielders Choice at 2nd, 1-6 (Groundball, 13)
Batting: RHB Lonnie Anderson 0-0: Foul Ball, location: 2F
0-1: SINGLE (Line Drive, 34)
Vic Langlois to second
Batting: SHB Marvin Harris 0-0: Ball
1-0: Ball
2-0: Ball
3-0: Base on Balls
Vic Langlois to third
Lonnie Anderson to second
Batting: RHB Xavier Feliciano 0-0: Called Strike
0-1: Foul Ball, location: 2F
0-2: Strikes out swinging
Batting: LHB Mike Harris 0-0: Called Strike
0-1: Ball
1-1: Swinging Strike
1-2: DOUBLE (Flyball, 78XD)
Vic Langlois scores
Lonnie Anderson scores
Marvin Harris to third
Runner from 3rd tries for Home, throw and OUT!
Top of the 6th over - 2 run(s), 3 hit(s), 0 error(s), 1 left on base; New York 2 - Irvine 5
BOTTOM OF THE 6TH
Irvine Gang Green batting - Pitching for New York Knights : LHP Steven England
Batting: RHB Eichiro Yamamoto 0-0: Ball
1-0: Ball
2-0: Ball
3-0: Called Strike
3-1: Base on Balls
Batting: RHB Don Hooper 0-0: Swinging Strike
0-1: Ball
1-1: Ball
2-1: Called Strike
2-2: Ball
3-2: Strikes out swinging
Eichiro Yamamoto steals 2nd base
Batter strikes out.
Batting: LHB José Sánchez 0-0: Swinging Strike
0-1: Called Strike
0-2: Ball
1-2: Ground out U3 (Groundball, 3)
Eichiro Yamamoto to third
Batting: LHB Tom Baker 0-0: Foul Ball, location: 2F
0-1: Called Strike
0-2: Ball
1-2: Foul Ball, location: 2F
1-2: Fly out, F8 (Line Drive, 89M)
Bottom of the 6th over - 0 run(s), 0 hit(s), 0 error(s), 1 left on base; New York 2 - Irvine 5
TOP OF THE 7TH
New York Knights batting - Pitching for Irvine Gang Green : RHP Mike Marrero
Batting: RHB Jacob Pope 0-0: Foul Ball, location: 2F
0-1: Foul Ball, location: 2F
0-2: Strikes out swinging
Batting: LHB Dan Hamilton 0-0: Ball
1-0: Ball
2-0: Foul Ball, location: 2F
2-1: Foul Ball, location: 2F
2-2: Strikes out swinging
Batting: RHB Pepe Carrasco 0-0: Foul Ball, location: 2F
0-1: Ball
1-1: Fly out, F3 (Popup, 3L)
Top of the 7th over - 0 run(s), 0 hit(s), 0 error(s), 0 left on base; New York 2 - Irvine 5
BOTTOM OF THE 7TH
Irvine Gang Green batting - Pitching for New York Knights : LHP Steven England
Batting: LHB Víctor Quiñones 0-0: Fly out, F9 (Flyball, 9)
Batting: RHB Buck Jones 0-0: Ball
1-0: Called Strike
1-1: Foul Ball, location: 2F
1-2: Ball
2-2: Foul Ball, location: 2F
2-2: Foul Ball, location: 2F
2-2: Foul Ball, location: 2F
2-2: TRIPLE (Flyball, 89XD)
Batting: LHB Frank Geddes 0-0: Called Strike
0-1: Foul Ball, location: 2F
0-2: Strikes out swinging
Batting: RHB José Salazar 0-0: Ball
1-0: Called Strike
1-1: Ball
2-1: Ball
3-1: Base on Balls
Batting: RHB Raúl Salas 0-0: Called Strike
0-1: SINGLE (Groundball, 56D)
Buck Jones scores
José Salazar to second
Batting: RHB Eichiro Yamamoto 0-0: Ball
1-0: Called Strike
1-1: SINGLE (Popup, P)
José Salazar to third
Raúl Salas to second
Runner from 3rd tries for Home, SAFE, no throw
Pitching: RHP Tony Meyer
Batting: RHB Don Hooper 0-0: Ball
1-0: Ball
2-0: Fly out, F9 (Flyball, 9LMF)
Bottom of the 7th over - 2 run(s), 3 hit(s), 0 error(s), 2 left on base; New York 2 - Irvine 7
TOP OF THE 8TH
New York Knights batting - Pitching for Irvine Gang Green : RHP Mike Marrero
Pitching: RHP Mike Fisher
Now in LF: Tyler Wagner
Batting: LHB Arthur Hall 0-0: Swinging Strike
0-1: Swinging Strike
0-2: Ground out 5-3 (Groundball, 56)
Batting: RHB Vic Langlois 0-0: Ball
1-0: Fly out, F8 (Flyball, 8RM)
Batting: RHB Lonnie Anderson 0-0: Foul Ball, location: 2F
0-1: Called Strike
0-2: Ball
1-2: Ball
2-2: Ball
3-2: Strikes out swinging
Top of the 8th over - 0 run(s), 0 hit(s), 0 error(s), 0 left on base; New York 2 - Irvine 7
BOTTOM OF THE 8TH
Irvine Gang Green batting - Pitching for New York Knights : RHP Tony Meyer
Batting: LHB José Sánchez 0-0: Ground out U3 (Groundball, 3S)
Batting: LHB Tom Baker 0-0: Called Strike
0-1: Ball
1-1: Ball
2-1: Ground out 1-3 (Groundball, P)
Batting: LHB Víctor Quiñones 0-0: Ball
1-0: Ball
2-0: SINGLE (Groundball, 4D)
Batting: RHB Buck Jones 0-0: Called Strike
0-1: Swinging Strike
0-2: Strikes out looking
Bottom of the 8th over - 0 run(s), 1 hit(s), 0 error(s), 1 left on base; New York 2 - Irvine 7
TOP OF THE 9TH
New York Knights batting - Pitching for Irvine Gang Green : RHP Mike Fisher
Now in CF: Tony Tavárez
Batting: SHB Marvin Harris 0-0: Foul Ball, location: 2F
0-1: Ball
1-1: SINGLE (Groundball, 3) (infield hit)
Batting: RHB Xavier Feliciano 0-0: Called Strike
0-1: Ball
1-1: Swinging Strike
1-2: Strikes out looking
Batting: LHB Mike Harris 0-0: Called Strike
0-1: Fly out, F5 (Popup, 5L)
Batting: RHB Jacob Pope 0-0: Ball
1-0: Foul Ball, location: 2F
1-1: Foul Ball, location: 2F
1-2: Ball
2-2: Ball
3-2: Fly out, F7 (Line Drive, 78S)
Top of the 9th over - 0 run(s), 1 hit(s), 0 error(s), 1 left on base; New York 2 - Irvine 7
Tuesday, August 8th, 2017 - OOTP Baseball 17.12 Build 75